 Dungeon Sprint DCSS version bcrawl-1.13.5 (webtiles) character file.

Game seed: 18399890738402302266

12500000 Groucho the Intangible (level 27, -139/174 HPs)
             Began as a Spriggan Abyssal Knight on Aug 22, 2019.
             Was the Champion of Makhleb.
             Annihilated by a fleshlord
             ... wielding a +9 great mace
              (300 damage)
             ... in the Dungeon (Sprint VIII: "Arena of Blood").
             The game lasted 00:05:04 (125 turns).

Groucho the Intangible (Spriggan Abyssal Knight)     Turns: 125, Time: 00:05:05

Health: -139/174   AC:  4    Str:  8    XL:     27
Magic:  43/55      EV: 44    Int: 14    God:    Makhleb [******]
Gold:   0          SH:  0    Dex: 28    Spells: 80/80 levels left

rFire    . . .     SeeInvis +   j - +โˆž Axe of Woe
rCold    . . .     Gourm    .   (shield currently unavailable)
rNeg     . . .     Faith    .   b - +0 robe
rPois    .         Spirit   .   (helmet restricted)
rElec    .         Reflect  .   (no cloak)
rCorr    .         Harm     .   (gloves unavailable)
MR       ++++.     NoTele   +   (boots unavailable)
Stlth    +++++++++.             (no amulet)
HPRegen  0.39/turn              (no ring)
MPRegen  0.34/turn              (no ring)

@: lethally poisoned (-139 -> -171), very quick
A: very small, unfitting armour, see invisible, herbivore, speed 3, slow
metabolism 2
a: Minor Destruction, Lesser Servant of Makhleb, Major Destruction, Greater
Servant of Makhleb, Renounce Religion


You were in the Dungeon.
You worshipped Makhleb.
Makhleb was exalted by your worship.
You were not hungry.

You visited 1 branch

Inventory:

Hand Weapons
 a - a +1 short sword
 j - the +โˆž Axe of Woe (weapon)
   (You found it in the Dungeon)
 v - a +9 demon whip of slashing
Armour
 b - a +0 robe (worn)
 w - a +12 large shield
Jewellery
 k - a +250 ring of slaying
 l - a +200 ring of slaying
 m - a +250 ring of slaying
 n - a +200 ring of slaying
 o - a +200 ring of slaying
 p - a +200 ring of slaying
 q - a +200 ring of slaying
 r - a +100 ring of slaying
 s - a +200 ring of slaying
 t - a +200 ring of slaying
 u - a +200 ring of slaying
 x - a +250 ring of slaying
 y - a +100 ring of slaying
 z - a +250 ring of slaying
 A - a +200 ring of slaying
 B - a +200 ring of slaying
 C - a +200 ring of slaying
 D - a +250 ring of slaying
 E - a +250 ring of slaying
 F - a +200 ring of slaying
Scrolls
 i - a scroll of blinking
Potions
 d - a potion of curing
 e - a potion of heal wounds
 f - a potion of haste
 g - 2 potions of magic
 h - a potion of berserk rage
Comestibles
 c - a ration {!d}


   Skills:
 O Level 27 Fighting
 O Level 27 Short Blades
 O Level 27 Axes
 O Level 27 Maces & Flails
 O Level 27 Throwing
 O Level 27 Armour
 O Level 27 Dodging
 O Level 27 Stealth
 O Level 27 Unarmed Combat
 O Level 27 Spellcasting
 O Level 27 Invocations


You had 80 spell levels left.
You didn't know any spells.
Your spell library was empty.

Dungeon Overview and Level Annotations

Branches:
Dungeon (1/1)

Altars:
Makhleb


Innate Abilities, Weirdness & Mutations

You are very small and have problems with some larger weapons.
You are too small for most types of armour.
You have supernaturally acute eyesight. (SInv)
You are a herbivore.
You cover ground extremely quickly.
You need to consume almost no food.


Message History

A large bag of meat comes into view. It is wielding a +9 giant spiked club.
You hear a shout!
Unknown command.
Unknown command.
Unknown command.
You hit the large abomination.
You cleave the large abomination in twain.
You destroy the large abomination!
You hit the small abomination.
You hew the small abomination savagely.
You destroy the small abomination!
Makhleb accepts your kill.
You feel better.
You feel sick.
You hear a shout! x2
A sculptor of flesh comes into view. It is wielding a +9 great sword.
The accursed casts a spell at you. Something smites you!
You hear a shout! x4
The fleshlord hits you with a +9 great mace!!!!!!
Ouch! That really hurt!
You die...

#... ..# L #...
...# . .M###...
...###...
O...W.###........
......._)........
#M))).# .... .
#_)<)_# .....
....#)))pV#......
.....z.%O)@W......
..%%.z.###ยง)..%...
..###... XXX###z..
. #...O.X.# ..
#%.XDM.L#


.o...XXGX ..Oo..LX... W.XX...... You could see 2 accurseds, a tentacled
monstrosity, 2 tyrants, an eight-headed meat hydra, a destroyer, an observer
(invisible), a fleshlord, 3 sculptors of flesh, a large bag of meat (inner
flame), 10 large abominations, 3 dreads, 2 meat berserkers and a bag of meat.

Vanquished Creatures
  A hell knight (D)
  Sigmund (D)
  9 hell beasts (D)
  Edmund (D)
  A greater mummy (D)
  3 great orbs of eyes (D)
  3 wraiths (D)
  17 vampire knights (D)
  31 ogres (D)
  2 two-headed ogres (D)
  2 liches (D)
  3 hydras (D)
  44 orcs (D)
  5 phantoms (D)
  6 skeletal warriors (D)
  3 sea snakes (D)
  7 large abominations (D)
  5 small abominations (D)
  17 crawling corpses (D)
161 creatures vanquished.

Notes
Turn   | Place    | Note
-------+----------+-------------------------------------------
     0 | D        | Found the +โˆž Axe of Woe
     0 | D        | Groucho the Spriggan Abyssal Knight began the quest for the
                  | Orb.
     0 | D        | Reached XP level 1. HP: 11/11 MP: 3/3
     1 | D        | Noticed a meat berserker
     4 | D        | Fell from the grace of Lugonu
     4 | D        | Became a worshipper of Makhleb the Destroyer
     5 | D        | Noticed a bag of meat
     6 | D        | Killed a meat berserker
     6 | D        | Reached skill level 27 in Dodging
     6 | D        | Reached XP level 2. HP: 16/16 MP: 4/4
     6 | D        | Reached XP level 3. HP: 19/19 MP: 5/5
     6 | D        | Reached XP level 4. HP: 23/23 MP: 6/6
     6 | D        | Reached XP level 5. HP: 27/27 MP: 7/7
     6 | D        | Reached XP level 6. HP: 32/32 MP: 8/8
     6 | D        | Reached XP level 7. HP: 35/35 MP: 9/9
     6 | D        | Reached XP level 8. HP: 39/39 MP: 10/10
     6 | D        | Reached XP level 9. HP: 43/43 MP: 11/11
     6 | D        | Reached XP level 10. HP: 47/47 MP: 12/12
     6 | D        | Reached XP level 11. HP: 51/51 MP: 13/13
     6 | D        | Reached XP level 12. HP: 56/56 MP: 14/14
     6 | D        | Reached XP level 13. HP: 59/59 MP: 15/15
     6 | D        | Noticed a bag of meat
     6 | D        | Noticed a bag of meat
    10 | D        | Noticed a meat berserker
    11 | D        | Noticed a meat berserker
    12 | D        | Killed a bag of meat
    12 | D        | Reached * piety under Makhleb
    12 | D        | Reached skill level 10 in Fighting
    13 | D        | Noticed a bag of meat
    14 | D        | Killed a bag of meat
    14 | D        | Reached XP level 14. HP: 82/82 MP: 16/16
    14 | D        | Noticed a bag of meat
    15 | D        | Killed a meat berserker
    15 | D        | Reached XP level 15. HP: 93/93 MP: 17/17
    17 | D        | Killed a meat berserker
    17 | D        | Reached ** piety under Makhleb
    17 | D        | Reached skill level 27 in Axes
    18 | D        | Noticed a meat berserker
    18 | D        | Noticed a large bag of meat
    18 | D        | Noticed a meat berserker
    21 | D        | Noticed a destroyer
    21 | D        | Reached XP level 16. HP: 108/108 MP: 18/18
    22 | D        | Killed a meat berserker
    22 | D        | Noticed a destroyer
    22 | D        | Noticed a large bag of meat
    23 | D        | Killed a destroyer
    23 | D        | Reached *** piety under Makhleb
    23 | D        | Reached skill level 27 in Fighting
    23 | D        | Reached skill level 15 in Invocations
    23 | D        | Reached XP level 17. HP: 121/121 MP: 18/40
    23 | D        | Reached XP level 18. HP: 127/127 MP: 18/46
    24 | D        | Killed a meat berserker
    24 | D        | Reached **** piety under Makhleb
    24 | D        | Reached skill level 27 in Spellcasting
    25 | D        | Reached skill level 27 in Invocations
    25 | D        | Reached skill level 5 in Armour
    25 | D        | Reached skill level 10 in Armour
    25 | D        | Reached XP level 19. HP: 132/132 MP: 18/51
    26 | D        | Reached ***** piety under Makhleb
    27 | D        | Noticed a meat berserker
    27 | D        | Noticed a destroyer
    28 | D        | Reached skill level 15 in Unarmed Combat
    29 | D        | Killed a destroyer
    29 | D        | Reached XP level 20. HP: 137/137 MP: 19/52
    29 | D        | Killed a destroyer
    29 | D        | Noticed a meat berserker
    30 | D        | Reached XP level 21. HP: 142/142 MP: 19/53
    31 | D        | Killed a large bag of meat
    31 | D        | Reached ****** piety under Makhleb
    31 | D        | Reached skill level 27 in Unarmed Combat
    31 | D        | Reached skill level 27 in Armour
    31 | D        | Noticed a destroyer
    32 | D        | Noticed a destroyer
    32 | D        | Noticed a large bag of meat
    35 | D        | Reached XP level 22. HP: 44/148 MP: 20/54
    35 | D        | Killed a destroyer
    35 | D        | Reached skill level 27 in Short Blades
    36 | D        | Noticed a destroyer
    36 | D        | Reached skill level 27 in Throwing
    36 | D        | Noticed a destroyer
    37 | D        | Reached skill level 27 in Stealth
    37 | D        | Reached XP level 23. HP: 153/153 MP: 21/55
    39 | D        | Killed a destroyer
    40 | D        | Noticed a destroyer
    41 | D        | Killed a large bag of meat
    41 | D        | Noticed a destroyer
    41 | D        | Noticed a destroyer
    42 | D        | Noticed a destroyer
    43 | D        | Noticed a destroyer
    44 | D        | Killed a destroyer
    44 | D        | Reached XP level 24. HP: 158/158 MP: 23/55
    45 | D        | Killed a destroyer
    45 | D        | Killed a destroyer
    45 | D        | Reached XP level 25. HP: 163/163 MP: 23/55
    45 | D        | Killed a destroyer
    47 | D        | Killed a destroyer
    47 | D        | Noticed a destroyer
    48 | D        | Reached XP level 26. HP: 169/169 MP: 24/55
    49 | D        | Noticed a destroyer
    51 | D        | Killed a destroyer
    52 | D        | Reached XP level 27. HP: 174/174 MP: 25/55
    56 | D        | Killed a destroyer
    57 | D        | Killed a destroyer
    57 | D        | Noticed a tyrant
    58 | D        | Noticed an accursed
    58 | D        | Noticed The Captor
    63 | D        | Noticed a destroyer
    66 | D        | Killed a destroyer
    66 | D        | Killed The Captor
    67 | D        | Noticed a meat beast
    68 | D        | Killed a tyrant
    68 | D        | Noticed a destroyer
    69 | D        | Noticed a destroyer
    70 | D        | Killed a meat beast
    70 | D        | Killed a destroyer
    71 | D        | Killed a destroyer
    73 | D        | Killed an accursed
    74 | D        | Noticed a meat beast
    74 | D        | Noticed a meat beast
    76 | D        | Noticed a dread
    77 | D        | Killed a destroyer
    78 | D        | Noticed a meat beast
    80 | D        | Killed a meat beast
    81 | D        | Killed a meat beast
    81 | D        | Killed a meat beast
    81 | D        | Noticed a meat beast
    82 | D        | Noticed a dread
    83 | D        | Noticed a meat beast
    88 | D        | Killed a meat beast
    89 | D        | Killed a dread
    89 | D        | Killed a meat beast
    96 | D        | Killed a dread
    99 | D        | Noticed The Defiler
   103 | D        | Killed The Defiler
   104 | D        | Noticed an accursed
   104 | D        | Noticed an accursed
   106 | D        | Reached skill level 27 in Maces & Flails
   106 | D        | Noticed a tyrant
   109 | D        | Noticed a meat beast
   109 | D        | Noticed a tyrant
   110 | D        | Noticed a dread
   110 | D        | Killed a dread
   112 | D        | Noticed a tyrant
   114 | D        | Killed a meat beast
   116 | D        | Noticed a destroyer
   117 | D        | Noticed a dread
   118 | D        | Noticed a fleshlord
   118 | D        | Noticed a meat beast
   118 | D        | Noticed an accursed
   120 | D        | Noticed a meat beast
   121 | D        | Noticed a tyrant
   122 | D        | Noticed a fleshlord
   122 | D        | Noticed a dread
   122 | D        | Noticed a dread
   123 | D        | Killed a meat beast
   123 | D        | Killed a fleshlord
   124 | D        | Killed a tyrant
   124 | D        | Killed a meat beast
   124 | D        | Noticed a large bag of meat
   125 | D        | Annihilated by a fleshlord

Skill      XL: |  1  2  3  4  5  6  7  8  9 10 11 12 13 14 15 16 17 18 19 20 21 22 23 24 25 26 27 |
---------------+----------------------------------------------------------------------------------+-----
Axes           | 20 23 25 27 | 27.0
Dodging        | 27 | 27.0
Fighting       | 13 17 22 27 | 27.0
Spellcasting   | 18 23 27 | 27.0
Invocations    | 15 20 27 | 27.0
Armour         | 10 19 24 27 | 27.0
Unarmed Combat | 11 21 26 27 | 27.0
Short Blades   | 23 27 | 27.0
Throwing       | 20 27 | 27.0
Stealth        | 27 | 27.0
Maces & Flails | 27 | 27.0

Action                   |  1- 3 |  4- 6 |  7- 9 | 10-12 | 13-15 | 16-18 | 19-21 | 22-24 | 25-27 || total
-------------------------+-------+-------+-------+-------+-------+-------+-------+-------+-------++-------
Melee: Broad axe         |     1 |       |       |       |     5 |     4 |     8 |     8 |    54 ||    80
 Stab: Distracted        |       |       |       |       |       |       |       |       |     2 ||     2
Armor: Robe              |       |       |       |       |       |       |       |       |     1 ||     1
Dodge: Dodged            |       |       |       |       |       |       |       |       |    14 ||    14
